Map: Blackpink LE

Players

spudman - Winner!

  • Race: Zerg Zerg
  • League: Silver
  • Spawn Location: 1:00

coldhand

  • Race: Terran Terran
  • Spawn Location: 7:00

VOD

Have the link to the VOD?

Description

Time

  • Played on: March 24, 2018, 4:48 a.m.
  • Length: 14:06
Show
View Real Time Build Order
Export as new Build Order

spudman Zerg - Winner!

Build Orders: 3 Hatch before Pool 

Get SALT Encoding   

  12  0:02  Drone  
  13  0:11  Drone  
  14  0:19  Overlord  
  14  0:41  Drone x3  
  17  1:02  Drone  
  18  1:11  Drone  
  19  1:14  Hatchery  
  18  1:30  Drone x2  
  20  1:36  Overlord  
  20  1:40  Hatchery  
  19  1:50  Spawning Pool  
  19  1:52  Extractor  
  17  1:56  Drone  
  18  2:01  Drone  
  19  2:19  Drone  
  19  2:20  Drone  
  21  2:27  Drone  
  22  2:45  Hatchery  
  22  2:47  Drone x3  
  24  2:52  Queen  
  24  2:54  Queen  
  28  2:59  Zergling x2  
  29  3:13  Drone x5  
  34  3:20  Queen  
  34  3:27  Metabolic Boost, Extractor  
  36  3:28  Zergling x2  
  36  3:41  Drone x3  
  36  3:42  Drone x2  
  41  3:58  Baneling Nest  
  40  4:03  Drone  
  40  4:04  Drone x6  
  40  4:05  Drone  
  48  4:11  Overlord  
  46  4:33  Queen  
  46  4:35  Spine Crawler  
  46  4:38  Spine Crawler  
  46  4:40  Queen  
  46  4:41  Spine Crawler  
  47  4:56  Zergling x2  
  47  4:57  Zergling x14  
  47  4:58  Zergling x2  
  51  5:09  Queen  
  51  5:17  Drone  
  51  5:18  Drone x2  
  53  5:41  Spore Crawler  
  50  5:44  Spore Crawler  
  50  5:46  Spore Crawler  
  46  5:52  Lair  
  44  5:57  Spore Crawler  
  44  5:59  Spore Crawler  
  44  6:01  Spore Crawler  
  44  6:02  Spore Crawler  
  44  6:04  Spore Crawler  
  37  6:10  Drone x6  
  37  6:11  Drone x6  
  47  6:38  Drone x6  
  47  6:39  Drone x2  
  55  6:40  Overlord  
  55  6:59  Evolution Chamber  
  54  7:02  Evolution Chamber  
  54  7:04  Drone x2  
  54  7:05  Drone x4  
  59  7:16  Spore Crawler x2  
  57  7:28  Overseer  
  57  7:32  Zerg Ground Armor Level 1, Zerg Missile Weapons Level 1  
  57  7:39  Drone x7, Extractor, Hydralisk Den  
  57  7:40  Drone  
  57  7:41  Overlord  
  57  7:42  Overlord x3  
  61  7:53  Zergling x4  
  64  8:05  Zergling x4  
  64  8:06  Zergling x14  
  64  8:07  Zergling x8  
  69  8:33  Hydralisk x4  
  69  8:34  Hydralisk x7  
  71  8:35  Hydralisk x4  
  71  8:38  Baneling x3  
  71  8:39  Baneling x2  
  92  8:43  Grooved Spines  
  92  8:44  Centrifical Hooks  
  89  8:51  Drone x2  
  87  9:07  Hydralisk x2  
  87  9:08  Hydralisk  
  78  9:28  Zergling x10  
  78  9:30  Hatchery  
  82  9:32  Hatchery  
  82  9:35  Extractor  
  80  9:39  Overlord x2  
  80  9:50  Overlord  
  80  9:51  Overlord  
  78  10:02  Zergling x14  
  85  10:18  Muscular Augments  
  85  10:19  Zerg Missile Weapons Level 2  
  85  10:29  Baneling x6  
  85  10:30  Zergling x2  
  85  10:31  Zergling x14  
  85  10:32  Zergling x2  
  90  10:47  Zergling x2  
  90  10:48  Zergling x6  
  92  11:00  Overlord x2  
  92  11:01  Drone x2  
  94  11:17  Baneling x4  
  94  11:18  Baneling x7  
  94  11:19  Baneling x4  
  94  11:20  Zergling x14  
  94  11:21  Zergling x2  
  102  11:32  Hydralisk x2  
  102  11:33  Hydralisk  
  108  11:45  Extractor  
  107  11:50  Extractor  
  107  11:51  Spore Crawler  
  107  11:53  Baneling  
  107  11:54  Baneling x7  
  105  11:55  Baneling x2  
  105  11:56  Zergling x12  
  105  11:57  Zergling x10  
  111  12:26  Hydralisk  
  111  12:27  Hydralisk x5  
  123  12:36  Queen  
  122  12:45  Hydralisk  
  122  12:46  Hydralisk x3  
  122  12:48  Drone x5  
  122  12:50  Overlord x2  
  135  13:00  Overseer  
  102  13:20  Zergling x4  
  102  13:21  Zergling x14  
  102  13:22  Zergling x12  
  102  13:23  Zergling x2  
  103  13:32  Drone  
  104  13:47  Infestation Pit  
  103  13:50  Baneling  
  103  13:51  Baneling x7  
  103  13:52  Baneling  
  103  13:53  Drone x7  
  103  13:54  Drone  
Show
View Real Time Build Order
Export as new Build Order

coldhand Terran 

Build Orders: Hellion Banshee, MMM Bio 

Get SALT Encoding   

  12  0:00  SCV  
  13  0:13  SCV  
  14  0:19  Supply Depot  
  14  0:25  SCV  
  15  0:40  SCV  
  15  0:41  Barracks  
  16  0:48  Refinery  
  16  0:52  SCV  
  17  1:04  SCV  
  18  1:27  Orbital Command  
  19  1:42  Command Center  
  19  1:53  SCV  
  19  2:01  Factory  
  19  2:07  Marine  
  20  2:23  SCV  
  20  2:26  Barracks Reactor  
  21  2:35  Refinery, Supply Depot  
  21  2:36  SCV  
  22  2:49  Starport  
  22  3:08  SCV  
  22  3:10  Supply Depot  
  23  3:13  Barracks Tech Lab  
  23  3:14  Hellion x2  
  23  3:17  Orbital Command  
  23  3:19  Supply Depot  
  27  3:36  Hellion x2  
  27  3:38  SCV  
  32  3:42  Barracks Tech Lab  
  32  3:45  SCV  
  33  3:49  Banshee  
  36  3:57  Cloaking Field, Hellion x2  
  40  4:03  SCV x2  
  40  4:08  Refinery  
  40  4:09  Refinery  
  42  4:16  Supply Depot  
  42  4:23  SCV x2  
  44  4:33  Engineering Bay  
  44  4:34  Engineering Bay  
  44  4:35  Supply Depot  
  44  4:37  Supply Depot  
  44  4:48  SCV x2  
  44  4:52  Supply Depot x2  
  46  5:03  SCV x2  
  44  5:11  Banshee  
  44  5:14  Stimpack, Marine  
  45  5:15  SCV x2  
  42  5:33  SCV x2  
  44  5:35  Terran Infantry Weapons Level 1, Terran Infantry Armor Level 1  
  44  5:42  Barracks  
  44  5:45  Barracks, SCV x2  
  44  5:46  Supply Depot  
  46  6:00  Marauder  
  46  6:02  SCV x2  
  50  6:08  Supply Depot  
  50  6:09  Supply Depot  
  50  6:16  Supply Depot  
  50  6:20  Marine, SCV  
  50  6:21  SCV  
  50  6:23  Siege Tank  
  50  6:24  Medivac  
  50  6:25  Medivac  
  60  6:38  Marine  
  60  6:39  Supply Depot  
  61  6:48  Barracks Reactor x2  
  61  6:53  SCV x2  
  63  6:54  Medivac  
  63  6:55  Siege Tank  
  63  6:56  Marine  
  63  7:00  Supply Depot  
  63  7:01  Supply Depot  
  69  7:02  Supply Depot x3  
  69  7:07  Armory  
  69  7:14  Combat Shields, Marine  
  70  7:27  Marine x4, Barracks x2  
  74  7:30  Medivac x2  
  74  7:32  Marine  
  79  7:44  Marine  
  79  7:45  Marine x3  
  79  7:50  Marine  
  84  8:02  Marine x2  
  84  8:03  Marine x2  
  88  8:07  Marine  
  88  8:11  Command Center  
  88  8:20  Marine x2  
  88  8:21  Marine  
  82  8:55  Barracks Reactor x2  
  82  8:56  Marine  
  82  8:57  Marine x4  
  82  8:58  Medivac x2, Siege Tank  
  82  9:00  Terran Infantry Weapons Level 2  
  67  9:14  Marine  
  60  9:23  Concussive Shells  
  60  9:24  Marine x2  
  60  9:25  Marine x2  
  60  9:28  Medivac  
  60  9:30  Siege Tank  
  69  9:39  Orbital Command  
  69  9:51  Marine x9  
  68  10:02  Siege Tank  
  63  10:08  Marine  
  63  10:09  Marine x8  
  72  10:26  Marine  
  72  10:27  Marine x8  
  81  10:36  Terran Infantry Armor Level 2  
  73  10:44  Marine x2  
  73  10:45  Marine x5, Command Center  
  79  10:53  Command Center  
  79  11:11  Medivac x2, Siege Tank  
  82  11:12  Marine x4  
  82  11:13  Marine  
  82  11:14  Marine x4  
  95  11:31  SCV x2  
  97  11:58  Planetary Fortress  
  97  12:17  Refinery  
  85  12:33  Refinery  
  84  12:41  Barracks  
  84  12:43  Barracks  
  77  12:55  Factory  
  77  13:05  Marine  
  78  13:06  Marine x8  
  78  13:09  Siege Tank  
  73  13:23  Marine x6  
  73  13:24  Marine x3  
  53  13:41  Marine x9  
Tags
 
League
Silver
Matchup
TvZ
Replay Pack
24 marzo
Spawn Locations
Cross Positions
Add a new tag
Caveats
  • Supply blocks, unpowered buildings, or Contaminate may cause inaccurate times.
  • Supply counts are checked every 10 seconds.